Map: Berlingrad LE

Players

Ezekiel

  • Race: Terran Terran
  • League: Diamond
  • Spawn Location: 5:00

Boots - Winner!

  • Race: Zerg Zerg
  • Spawn Location: 11:00

VOD

Have the link to the VOD?

Description

Time

  • Played on: May 11, 2022, 5:51 a.m.
  • Length: 27:58
Show
View Real Time Build Order
Export as new Build Order

Ezekiel Terran 

Build Orders: 2 Factory, Command Center First (CC), Mech 

Get SALT Encoding   

  12  0:00  SCV  
  13  0:12  SCV  
  14  0:24  SCV, Supply Depot  
  15  0:45  SCV  
  16  0:57  SCV  
  17  1:07  Command Center  
  17  1:14  Barracks  
  17  1:17  Refinery  
  17  1:23  Refinery  
  17  1:27  SCV  
  18  1:39  SCV  
  19  1:52  SCV  
  20  2:02  Marine  
  21  2:10  Orbital Command, Bunker  
  21  2:20  Orbital Command  
  21  2:24  Marine  
  22  2:36  SCV  
  23  2:46  Factory  
  23  2:47  Orbital Command  
  23  2:51  Factory  
  23  2:58  SCV  
  24  3:17  Command Center  
  24  3:18  SCV  
  25  3:24  Marine  
  25  3:26  SCV  
  27  3:33  Factory Tech Lab  
  27  3:35  Factory Tech Lab  
  27  3:40  SCV  
  28  3:42  Marine  
  29  3:48  SCV  
  29  3:52  Siege Tank, SCV  
  34  4:00  Siege Tank  
  34  4:01  SCV  
  38  4:15  Supply Depot  
  38  4:17  Supply Depot  
  38  4:28  SCV x2  
  38  4:30  Engineering Bay  
  40  4:31  Orbital Command  
  40  4:34  Siege Tank x2  
  46  4:40  SCV  
  46  4:41  Refinery  
  46  4:44  Refinery  
  47  4:51  Starport  
  47  5:04  SCV x3  
  50  5:16  SCV  
  51  5:25  Armory  
  51  5:28  Armory  
  51  5:33  Factory  
  51  5:34  SCV x3  
  54  5:37  Viking  
  54  5:38  Factory  
  56  5:46  SCV x3, Supply Depot  
  59  5:51  Supply Depot  
  59  5:58  SCV x3  
  62  6:06  Siege Tank x2  
  62  6:10  SCV x2  
  70  6:18  Starport Tech Lab  
  70  6:19  Factory Reactor  
  70  6:21  Factory Tech Lab  
  70  6:23  Terran Vehicle And Ship Armor Level 1, Terran Vehicle Weapons Level 1  
  70  6:31  Command Center  
  70  6:35  Missile Turret, Supply Depot  
  70  6:40  Missile Turret  
  70  6:44  Missile Turret  
  70  6:47  Thor  
  70  6:50  Hellbat  
  70  6:51  Hellbat  
  80  7:28  Missile Turret  
  80  7:29  Missile Turret  
  80  7:31  Missile Turret  
  80  7:38  Siege Tank x2  
  80  7:39  Thor  
  80  7:43  Hellbat x2  
  96  7:48  Supply Depot x2  
  96  7:53  Supply Depot  
  92  8:10  Supply Depot, Orbital Command  
  86  8:35  Siege Tank x2  
  86  8:36  Siege Tank, Hellbat x2  
  99  8:57  Terran Vehicle Weapons Level 2  
  99  8:58  Terran Vehicle And Ship Armor Level 2  
  99  9:00  Refinery  
  99  9:03  Refinery  
  99  9:05  Missile Turret, Sensor Tower  
  99  9:07  Siege Tank, Missile Turret  
  99  9:08  Siege Tank  
  105  9:18  Command Center  
  105  9:50  Refinery  
  105  9:55  Planetary Fortress  
  105  10:01  Neosteel Armor  
  105  10:11  Siege Tank x2  
  105  10:12  Hellion x3  
  105  10:13  Refinery  
  117  10:15  Infernal Pre-Igniter, Missile Turret  
  117  10:17  SCV x2, Sensor Tower  
  119  10:25  SCV  
  120  10:29  Raven, SCV x2  
  124  10:37  SCV  
  124  10:42  SCV x4  
  129  10:43  Missile Turret  
  129  10:49  SCV  
  130  10:54  SCV  
  131  11:37  Siege Tank x3  
  131  11:38  Hellion x2  
  144  11:45  Terran Vehicle And Ship Armor Level 3, Terran Vehicle Weapons Level 3  
  144  12:04  Command Center  
  144  12:07  SCV x3  
  147  12:09  Command Center  
  147  12:11  Command Center  
  147  12:14  Sensor Tower  
  147  12:15  Missile Turret  
  147  12:27  Factory  
  147  12:29  Planetary Fortress  
  147  12:33  Factory  
  147  12:34  Command Center, Factory  
  147  12:37  Missile Turret  
  147  12:38  Factory  
  147  12:39  Command Center  
  147  12:40  SCV  
  147  12:44  Missile Turret  
  147  12:52  SCV  
  146  13:11  Siege Tank x2, Hellion x3  
  158  13:17  Engineering Bay  
  158  13:18  Engineering Bay  
  158  13:22  Engineering Bay  
  158  13:29  Missile Turret  
  158  13:30  Missile Turret  
  158  13:31  Missile Turret  
  158  13:37  Planetary Fortress  
  158  13:43  Planetary Fortress  
  158  13:46  Missile Turret  
  158  13:47  Orbital Command  
  111  14:44  Thor x3  
  111  14:45  Hellion x3  
  135  14:46  Hellion x3  
  135  14:50  Engineering Bay, Refinery  
  141  14:55  Refinery  
  141  15:07  Command Center, Hellion x2  
  145  15:08  Raven  
  147  15:51  Raven  
  143  16:01  Siege Tank x2  
  143  16:02  Hellion x2  
  153  16:11  Hellion x5  
  161  16:17  Terran Ship Weapons Level 1  
  163  16:26  Hi-Sec Auto Tracking  
  163  16:32  Siege Tank  
  163  16:33  Siege Tank, Thor  
  163  16:36  Sensor Tower  
  175  16:46  Missile Turret  
  175  16:47  Missile Turret x2  
  175  17:04  Thor  
  98  17:40  Thor  
  98  17:41  Hellbat x2, Thor  
  98  17:42  Hellion x4  
  122  17:46  Raven  
  122  17:47  Thor  
  130  17:51  SCV  
  130  17:52  SCV x6  
  137  18:03  SCV  
  137  18:04  SCV x3  
  141  18:09  Hellbat x3  
  141  18:10  Hellbat x2  
  141  18:11  SCV x2  
  153  18:23  Terran Ship Weapons Level 2, Thor x2  
  165  18:29  Raven  
  165  18:30  Thor  
  165  18:33  SCV x2  
  165  18:34  SCV x2  
  177  19:02  Missile Turret  
  171  19:05  Orbital Command  
  171  19:06  Thor x2  
  183  19:13  Thor  
  189  19:31  Command Center  
  189  19:36  Command Center  
  185  19:43  Command Center  
  89  20:49  Hellion x6  
  103  20:50  Thor, Hellion  
  103  20:51  Thor  
  103  20:52  Raven  
  117  21:02  Orbital Command  
  117  21:10  Thor  
  120  21:28  Hellion  
  122  21:33  Thor x2  
  122  21:34  Raven  
  136  21:47  Orbital Command  
  136  21:53  Thor  
  142  22:01  Hellion  
  142  22:02  Hellion x4  
  152  22:16  Thor x2  
  152  22:17  Corvid Reactor  
  152  22:19  Terran Ship Weapons Level 3  
  164  22:36  Cyclone  
  125  22:59  Siege Tank, Cyclone  
  99  23:08  Siege Tank  
  90  23:18  Hellion x6  
  100  23:31  Thor x2  
  110  23:39  Hellion  
  110  23:40  Thor  
  86  24:04  Hellbat x4  
  86  24:05  Hellbat  
  96  24:14  Thor x2  
  108  24:23  Siege Tank  
  111  24:25  Hellbat x2  
  111  24:26  Hellbat x2, Hellion x2  
  111  24:30  SCV x7  
  130  24:32  SCV  
  131  24:47  Hellion  
  133  24:55  Siege Tank  
  133  24:57  Siege Tank, Thor  
  145  25:14  Missile Turret  
  126  25:27  Thor  
  102  25:29  Thor  
  61  25:49  Hellion x5  
  75  25:50  Hellion x2  
  72  26:10  Hellion x2  
  72  26:11  Hellion x6  
  81  26:12  Hellion  
  81  26:15  SCV  
  86  26:32  Thor x2, Hellion x4  
  100  26:35  Hellion x2  
  110  26:45  Orbital Command  
  43  27:26  Hellbat x3  
  43  27:27  Hellbat x2  
  53  27:34  Refinery  
Show
View Real Time Build Order
Export as new Build Order

Boots Zerg - Winner!

Build Orders: Hatch First 

Get SALT Encoding   

  12  0:00  Drone  
  13  0:16  Overlord  
  13  0:18  Drone  
  14  0:21  Extractor  
  14  0:23  Drone  
  15  0:35  Drone  
  16  0:52  Hatchery  
  16  0:55  Drone  
  16  0:58  Drone  
  16  1:02  Drone  
  18  1:08  Extractor  
  17  1:15  Spawning Pool  
  16  1:19  Drone  
  16  1:24  Drone  
  18  1:32  Drone  
  19  1:43  Drone  
  20  1:56  Drone  
  21  2:04  Queen  
  21  2:05  Queen  
  21  2:07  Zergling x4  
  27  2:20  Overlord  
  27  2:23  Drone  
  28  2:35  Hatchery  
  27  2:38  Drone x3  
  27  2:40  Drone  
  31  2:51  Queen  
  31  2:53  Drone x2  
  31  2:58  Overlord  
  35  3:06  Overlord  
  35  3:19  Drone x3  
  38  3:20  Drone x2  
  38  3:23  Metabolic Boost  
  40  3:32  Queen x2  
  44  3:38  Drone x2  
  44  3:41  Drone x2  
  48  3:42  Drone  
  49  3:48  Overlord  
  49  3:51  Queen  
  51  3:58  Extractor  
  50  4:04  Baneling Nest  
  50  4:05  Drone  
  50  4:06  Evolution Chamber, Drone  
  50  4:07  Evolution Chamber, Queen, Drone  
  52  4:29  Drone x2  
  52  4:31  Lair  
  54  4:35  Extractor, Drone x3  
  54  4:36  Drone  
  57  4:41  Overlord x2  
  57  4:43  Zergling x10  
  62  4:53  Drone x3  
  62  4:56  Drone  
  66  5:15  Drone  
  66  5:16  Drone x4  
  71  5:24  Drone  
  71  5:25  Roach Warren, Zerg Missile Weapons Level 1  
  71  5:26  Zerg Ground Armor Level 1  
  71  5:28  Drone x2  
  71  5:29  Drone  
  71  5:30  Overlord  
  71  5:31  Overlord x2  
  74  5:53  Drone x3  
  74  5:54  Drone  
  74  5:56  Extractor, Drone x3  
  74  5:57  Extractor, Drone x5  
  82  5:58  Overlord x2  
  82  6:01  Zergling x4  
  82  6:02  Zergling x2  
  87  6:04  Centrifugal Hooks  
  87  6:05  Glial Reconstitution  
  87  6:13  Drone  
  87  6:16  Extractor, Drone x3  
  90  6:20  Hatchery  
  90  6:21  Drone  
  90  6:22  Overlord  
  90  6:23  Overseer  
  90  6:41  Roach x2  
  90  6:42  Roach x10  
  90  6:46  Overlord x2  
  114  7:05  Extractor  
  114  7:06  Baneling x11  
  114  7:07  Baneling x6  
  114  7:08  Roach x6  
  125  7:10  Extractor  
  125  7:13  Roach  
  126  7:17  Roach  
  126  7:18  Overlord  
  126  7:20  Overlord x3  
  128  7:25  Roach  
  130  7:50  Overlord  
  130  7:51  Overlord x2  
  130  7:52  Roach x8  
  130  7:53  Roach x3  
  109  8:21  Infestation Pit  
  109  8:22  Drone x2  
  109  8:23  Hydralisk Den  
  109  8:24  Drone x3  
  109  8:25  Drone x3  
  109  8:27  Drone x5  
  119  8:46  Overlord x2  
  119  8:48  Roach x7  
  133  9:00  Grooved Spines  
  133  9:01  Zerg Missile Weapons Level 2, Zerg Ground Armor Level 2  
  133  9:08  Hydralisk  
  133  9:09  Hydralisk x10  
  155  9:18  Hydralisk x3  
  155  9:22  Hive  
  165  9:52  Roach  
  165  9:53  Roach x8  
  165  9:54  Hydralisk x4, Roach x2  
  191  10:00  Overlord x2  
  191  10:02  Overseer x3  
  191  10:11  Muscular Augments  
  191  10:13  Ravager  
  192  10:27  Extractor, Hatchery  
  190  10:30  Extractor  
  189  10:38  Drone x4  
  189  10:39  Drone x2  
  195  10:46  Hatchery  
  194  11:08  Viper  
  177  11:28  Viper x3  
  177  11:29  Viper  
  177  11:31  Viper  
  162  11:34  Roach  
  162  11:35  Roach x12  
  188  11:56  Zerg Ground Armor Level 3, Zerg Missile Weapons Level 3  
  188  12:04  Spire  
  188  12:05  Spire  
  176  12:58  Hydralisk x12  
  155  12:59  Hydralisk x2  
  155  13:00  Roach x7  
  155  13:01  Roach  
  199  13:17  Overseer x2  
  199  13:23  Greater Spire  
  199  13:24  Zerg Flyer Weapons Level 1  
  199  13:52  Extractor  
  199  13:53  Extractor  
  132  14:36  Roach  
  132  14:37  Hydralisk x4, Roach x18  
  132  14:38  Hydralisk x22  
  187  14:57  Roach  
  187  14:58  Roach x5  
  199  15:13  Drone  
  200  15:53  Hatchery  
  157  15:59  Roach x11  
  157  16:00  Roach x14  
  199  16:16  Zerg Flyer Weapons Level 2  
  199  16:17  Zerg Flyer Armor Level 1  
  165  17:17  Corruptor  
  165  17:18  Corruptor x6  
  165  17:19  Corruptor  
  141  17:31  Roach x10  
  141  17:32  Roach x18  
  177  17:40  Viper x3  
  177  17:41  Viper  
  177  17:43  Hydralisk x7  
  189  18:02  Brood Lord x4  
  189  18:03  Brood Lord  
  199  18:05  Zerg Melee Weapons Level 1  
  199  18:07  Adrenal Glands  
  199  18:24  Drone  
  198  19:21  Hydralisk  
  177  19:48  Extractor  
  177  19:49  Extractor  
  142  19:56  Brood Lord  
  142  19:58  Viper x2  
  142  19:59  Viper x3  
  149  20:07  Brood Lord x2  
  143  20:15  Hydralisk x10  
  143  20:16  Hydralisk x8  
  143  20:17  Roach x4  
  143  20:18  Roach x8  
  179  20:36  Zerg Melee Weapons Level 2  
  159  20:52  Corruptor x4  
  159  20:53  Corruptor x4  
  159  20:56  Overlord x3  
  159  20:57  Overlord  
  154  21:28  Viper  
  154  21:29  Viper  
  160  21:34  Brood Lord x4  
  160  21:35  Brood Lord x4  
  160  21:38  Roach  
  160  21:39  Roach x11  
  200  22:04  Extractor  
  200  22:06  Hatchery  
  198  22:08  Zerg Flyer Weapons Level 3, Zerg Flyer Armor Level 2  
  198  22:11  Extractor  
  140  22:58  Roach  
  140  22:59  Roach x28  
  140  23:00  Roach  
  180  23:31  Hydralisk  
  180  23:32  Hydralisk x5  
  178  23:41  Corruptor x4  
  178  23:42  Corruptor  
  178  23:48  Hydralisk x2  
  176  23:49  Hydralisk x11  
  200  24:14  Hatchery  
  195  24:24  Brood Lord  
  195  24:25  Brood Lord  
  131  25:38  Roach  
  131  25:39  Roach x29  
  131  25:40  Roach x2  
  191  26:05  Corruptor x4  
  151  26:53  Brood Lord x2  
  133  27:05  Hydralisk  
  133  27:06  Hydralisk x16  
  133  27:07  Hydralisk x6  
  175  27:38  Extractor  
Tags
 
Add a new tag
Caveats
  • Supply blocks, unpowered buildings, or Contaminate may cause inaccurate times.
  • Supply counts are checked every 10 seconds.